 Dungeon Crawl Stone Soup version 0.24.1-11-gbbbb2193e6 (webtiles) character file.

Game seed: 16313403073554314694, levelgen mode: deterministic

134 Hugehornet the Insei (level 5, -3/33 HPs)
             Began as an Octopode Transmuter on May 15, 2020.
             Slain by Sigmund
             ... wielding a +0 scythe
              (11 damage)
             ... on level 3 of the Dungeon.
             The game lasted 00:03:16 (2019 turns).

Hugehornet the Insei (Octopode Transmuter)          Turns: 2019, Time: 00:03:17

Health: -3/33      AC:  2    Str:  9    XL:     5   Next: 17%
Magic:  6/9        EV: 20    Int: 16    God:
Gold:   52         SH:  2    Dex: 18    Spells: 0/10 levels left

rFire    . . .     SeeInvis .     - Unarmed
rCold    . . .     Gourm    .   (shield currently unavailable)
rNeg     . . .     Faith    .   (helmet currently unavailable)
rPois    x         Spirit   .   b - +2 amulet of reflection
rElec    .         Reflect  +   (no ring)
rCorr    .         Harm     .   (no ring)
MR       .....                  (no ring)
Stlth    ++........             (no ring)
HPRegen  0.11/turn              (no ring)
MPRegen  0.11/turn              (no ring)
                                (no ring)
                                (no ring)

@: spider-form (expiring)
A: tiny, almost no armour, stealthy swim, (amphibious), 8 rings, (constrict 8)
a: End Transformation


You were on level 3 of the Dungeon.
You were not hungry.
You were a venomous arachnid creature.
You visited 1 branch of the dungeon, and saw 3 of its levels.

You collected 52 gold pieces.

Inventory:

Missiles
 a - 31 arrows
Armour
 i - a +2 large shield
 o - a +0 shield
Jewellery
 b - a +2 amulet of reflection (around neck)
Scrolls
 e - 4 scrolls of identify {unknown}
 h - a scroll of enchant weapon {unknown}
 k - a scroll of teleportation {unknown}
 l - a scroll of remove curse {unknown}
 p - a scroll of amnesia {unknown}
Potions
 d - a potion of haste {unknown}
 f - a potion of lignification {unknown}
 g - 2 potions of brilliance {unknown}
 j - a potion of ambrosia {unknown}
 m - 2 potions of curing {unknown}
 n - a potion of agility {unknown}
Comestibles
 c - 2 rations
 q - 3 chunks of flesh


   Skills:
 - Level 1.0 Fighting
 - Level 2.0 Dodging
 + Level 3.5 Unarmed Combat
 + Level 3.0 Spellcasting
 * Level 3.1 Transmutations
 * Level 0.0 Ice Magic
 + Level 2.9 Poison Magic


You couldn't memorise any spells.
You knew the following spells:

 Your Spells              Type           Power        Failure   Level  Hunger
a - Beastly Appendage     Tmut           ##....       16%         1    #......
b - Sticks to Snakes      Tmut           ##......     21%         2    ##.....
c - Spider Form           Tmut/Pois      ##........   34%         3    ###....
d - Ice Form              Ice/Tmut       #.......     85%         4    #####..

Your spell library contained the following spells:

 Spells                   Type           Power        Failure   Level  Hunger
 Blade Hands              Tmut           ##........   93%         5    ######.


Dungeon Overview and Level Annotations

Branches:
Dungeon (3/15)

Altars:
Fedhas

Annotations:
D:3 Sigmund


Innate Abilities, Weirdness & Mutations

You cannot wear most types of armour.
You are very stealthy in the water. (Stealth+)
((You are amphibious.))
You can wear up to eight rings at the same time.
((You can use your tentacles to constrict eight enemies at once.))
((Your skin changes colour to match your surroundings (Stealth+).))
((Your rubbery body absorbs attacks. (AC +1, EV +1)))


Message History

The goblin closely misses you. The orc completely misses you.
Sigmund points at you and mumbles some strange words.
The magic dart hits you.
You hit Sigmund but do no damage.
Sigmund looks even sicker.
Sigmund is heavily wounded.
You block the goblin's attack. The orc closely misses you. Sigmund misses you.
You completely miss Sigmund.
Sigmund is heavily wounded.
The goblin hits you.
The orc hits you with a +1 short sword of flaming.
The orc burns you.
You barely miss Sigmund.
Sigmund is severely wounded.
Sigmund gestures at you while chanting. The puff of flame hits you.
* * * LOW HITPOINT WARNING * * *
The goblin misses you.
Your transformation is almost over.
Sigmund hits you from afar with a +0 scythe!
You die...

#########
##.......#
####..####''####
#....##........##
#<..##....s.....##
#..##.....o......#
#.##.....g@.......
###...............
...............
...............
......#..#.....
.......##$.....
....... ......


You could see Sigmund, an orc and a goblin.

Vanquished Creatures
  An ogre (D:2)
  2 adders (D:2)
  5 giant cockroaches
  5 goblins
  2 hobgoblins
  4 jackals (D:2)
  5 kobolds
  3 bats (D:1)
  3 frilled lizards
  8 rats
38 creatures vanquished.

Notes
Turn   | Place    | Note
-------+----------+-------------------------------------------
     0 | D:1      | Hugehornet the Octopode Transmuter began the quest for the
                  | Orb.
     0 | D:1      | Reached XP level 1. HP: 13/13 MP: 3/3
   166 | D:1      | Reached XP level 2. HP: 17/18 MP: 3/5
   269 | D:1      | Learned a level 2 spell: Sticks to Snakes
   862 | D:2      | Reached XP level 3. HP: 19/23 MP: 4/6
   867 | D:2      | Learned a level 3 spell: Spider Form
  1234 | D:2      | Found a faded altar of an unknown god.
  1758 | D:2      | Noticed an ogre
  1771 | D:2      | Killed an ogre
  1771 | D:2      | Reached XP level 4. HP: 28/28 MP: 3/8
  1771 | D:2      | Reached XP level 5. HP: 33/33 MP: 3/9
  1784 | D:2      | Learned a level 4 spell: Ice Form
  1827 | D:2      | Found a blossoming altar of Fedhas.
  2005 | D:3      | Noticed Sigmund
  2019 | D:3      | Slain by Sigmund

Levels and vault maps discovered:
D:1:      kennysheep_arrival_forest, layout_basic
D:2:      layout_rooms, old_standard_altar, first_ration,
          chequers_ecumenical_altar_simple
D:3:      kennysheep_big_flooded_room, layout_rooms, serial_corexii_hall,
          corexii_hall_statues_u, chequers_hall_statues_wall_a,
          chequers_hall_statues_y, glass_columns_c, uniq_crazy_yiuf_cottage,
          uniq_sigmund

Skill      XL: |  1  2  3  4  5 |
---------------+----------------+-----
Transmutations | 3 |  3.1
Poison Magic   | 2 |  2.9
Spellcasting   | 3 |  3.0
Fighting       | |  1.0
Dodging        | |  2.0
Unarmed Combat | |  3.5

Action                   |  1- 3 |  4- 6 || total
-------------------------+-------+-------++-------
Melee: Unarmed           |    68 |    15 ||    83
       Constrict         |    20 |     3 ||    23
       Kick              |    16 |     4 ||    20
       Tentacles         |     8 |       ||     8
       Punch             |     1 |       ||     1
 Cast: Beastly Appendage |    25 |     3 ||    28
       Spider Form       |     1 |     1 ||     2
 Stab: Sleeping          |     5 |       ||     5
  Eat: Chunk             |     2 |     2 ||     4
Armor: Skin              |    12 |       ||    12
Dodge: Dodged            |    39 |    13 ||    52
Block: Other             |     5 |     2 ||     7
